 Dungeon Crawl Stone Soup version 0.31.0-7-gf635a9b802 (webtiles) character file.

Game seed: 584117739540447089

42 monsoonserge the Grasshopper (level 3, 0/28 HPs)
             Began as a Demonspawn Warper on Jan 23, 2024.
             Succumbed to an adder's poison
             ... on level 2 of the Dungeon.
             The game lasted 00:02:23 (778 turns).

monsoonserge the Grasshopper (Demonspawn Warper)     Turns: 778, Time: 00:02:23

Health: 0/28       AC:  4    Str: 15    XL:     3   Next: 33%
Magic:  6/6        EV: 11    Int: 14    God:
Gold:   77         SH:  0    Dex: 11    Spells: 6/6 levels left

rFire   + . .        a - +0 mace
rCold   . . .        (no shield)
rNeg    . . .        b - +0 leather armour
rPois   .            (helmet restricted)
rElec   .            (no cloak)
rCorr   .            (no gloves)
SInv    .            g - +0 pair of boots
Will    .....        (no amulet)
Stlth   +            (no ring)
HPRegen 0.24/turn    (no ring)
MPRegen 0.10/turn

%: no passive effects
@: lethally poisoned (0 -> -2)
A: horns 1, fire resistance 1, strong 1, inability to read after injury 1,
MP-powered wands
a: no special abilities


You were on level 2 of the Dungeon.
You visited 1 branch of the dungeon, and saw 2 of its levels.

You collected 77 gold pieces.

Inventory:

Hand Weapons
 a - a +0 mace (weapon)
Missiles
 d - 7 darts of dispersal
 e - 5 poisoned darts (quivered)
 h - 4 boomerangs
Armour
 b - a +0 leather armour (worn)
 g - a +0 pair of boots (worn)
Scrolls
 c - a scroll of blinking
 i - a scroll of teleportation {unknown}


   Skills:
 + Level 2.3 Fighting
 + Level 2.5 Maces & Flails
 + Level 1.0 Throwing
 + Level 1.0 Armour
 + Level 2.0 Dodging
 + Level 0.2 Stealth
 - Level 2.0 Spellcasting
 + Level 3.0 Translocations


You had 6 spell levels left.
You didn't know any spells.
Your spell library contained the following spells:

 Spells                   Type           Power      Damage    Failure   Level
 Blink                    Tloc           20%        N/A       13%         2
 Lesser Beckoning         Tloc           20%        N/A       13%         2
 Teleport Other           Tloc           10%        N/A       26%         3
 Manifold Assault         Tloc           10%        N/A       63%         4
 Vhi's Electric Charge    Tloc/Air       10%        N/A       83%         4


Dungeon Overview and Level Annotations

Branches:
Dungeon (2/15)

Altars:


Innate Abilities, Weirdness & Mutations

You have a pair of small horns on your head.
Your flesh is heat resistant. (rF+)
Your muscles are strong. (Str +4, Int/Dex -1)
You occasionally lose the ability to read scrolls when taking damage.
You expend magic power (3 MP) to strengthen your wands.


Message History

The adder poisons you! The adder bites you but does no damage.
You closely miss the adder.
You feel sick. The adder bites you but does no damage.
You hit the adder.
The adder is lightly wounded.
You feel sick. The adder barely misses you. x2
You closely miss the adder.
The adder is lightly wounded.
You feel sick. The adder bites you. The adder barely misses you.
You miss the adder.
The adder is lightly wounded.
You feel sick. The adder bites you.
You are more poisoned.
The adder poisons you!
You hit the adder. You punch the adder.
The adder is almost dead.
You feel sick. The adder bites you but does no damage. The adder bites you.
You are lethally poisoned!
The adder poisons you!
You hit the adder.
You kill the adder!
* * * LOW HITPOINT WARNING * * *
You feel very sick.
You are lethally poisoned (6 -> -1).
Your movement speed is average.
Your attack delay is about 1.2.
Your damage rating with your +0 mace is about 8 (Base 8 x 102% (Str) x 109% (Skill)).
It was a potion of mutation.
You feel extremely strange.
You feel stronger.
You feel your magical essence link to the dungeon's wands.
You occasionally lose the ability to read scrolls when taking damage.
You feel resistant to heat.
* * * LOW HITPOINT WARNING * * *
You feel sick.
* * * LOW HITPOINT WARNING * * *
You feel sick.
* * * LOW HITPOINT WARNING * * *
You feel sick.
* * * LOW HITPOINT WARNING * * *
You feel sick.
You die...

### #.. #.# #.#
###########.##
.######.#
#.>..........#
.....#.#
#.#########.##
#.....# #.# #.#
#.....# #.# #.#
#.....# #.# #.#
#....@# #.# #.#
#.....###.#
#######.#
#...†.....#
#.......#
#.....#####
#.########
#.......#
#.........
#.......#
########.#
#.......########
#.#
#.......+......#
#.#
#.......##.###.#
#.#


There were no monsters in sight!

Vanquished Creatures
  An adder (D:2)
  3 dart slugs
  3 endoplasms (D:1)
  4 goblins (D:1)
  4 hobgoblins (D:1)
  2 kobolds (D:1)
  A quokka (D:1)
  2 ball pythons (D:1)
  2 bats (D:1)
  A frilled lizard (D:1)
  A rat (D:1)
24 creatures vanquished.

Notes
Turn   | Place    | Note
-------+----------+-------------------------------------------
     0 | D:1      | monsoonserge the Demonspawn Warper began the quest for the
                  | Orb.
     0 | D:1      | Reached XP level 1. HP: 16/16 MP: 3/3
   120 | D:1      | Gained mutation: You have a pair of small horns on your
                  | head. [demonic ancestry]
   120 | D:1      | Reached XP level 2. HP: 14/22 MP: 5/5
   209 | D:1      | Reached skill level 1 in Throwing
   232 | D:1      | Reached skill level 3 in Translocations
   453 | D:1      | Reached skill level 1 in Armour
   762 | D:2      | Reached XP level 3. HP: 23/28 MP: 6/6
   774 | D:2      | Gained mutation: Your muscles are strong. (Str +4, Int/Dex
                  | -1) [potion of mutation]
   774 | D:2      | Gained mutation: You expend magic power (3 MP) to
                  | strengthen your wands. [potion of mutation]
   774 | D:2      | Gained mutation: You occasionally lose the ability to read
                  | scrolls when taking damage. [potion of mutation]
   774 | D:2      | Gained mutation: Your flesh is heat resistant. (rF+)
                  | [potion of mutation]
   777 | D:2      | HP: 1/28 [poisoned by an adder]
   778 | D:2      | Succumbed to an adder's poison

Illustrated notes

Levels and vault maps discovered:
D:1:      dpeg_arrival_simpleton_c, layout_basic
D:2:      layout_basic, basic_altar

Skill      XL: |  1  2 |
---------------+-------+-----
Maces & Flails | 2 |  2.5
Throwing       | 1 |  1.0
Translocations | 3 |  3.0
Dodging        | 2 |  2.0
Armour         | 1 |  1.0
Fighting       | |  2.3
Stealth        | |  0.2
Spellcasting   | |  2.0

Action                     || total
---------------------------++-------
  Melee: Mace              ||    78
         Headbutt          ||     7
         Punch             ||     1
    Use: Potion            ||     1
 Armour: Leather armour    ||    76
  Dodge: Dodged            ||    59
